 Dungeon Crawl Stone Soup version 0.24-a0-25-g8489be9 (webtiles) character file.

Game seed: 15314510514943224234

273 piklwikl the Insei (level 6, 38/38 HPs)
             Began as an Octopode Transmuter on Feb 1, 2019.
             Was an Initiate of Dithmenos.
             Quit the game on level 3 of the Dungeon.
             The game lasted 01:09:32 (5579 turns).

piklwikl the Insei (Octopode Transmuter)            Turns: 5579, Time: 01:09:33

Health: 38/38      AC:  1    Str: 10    XL:     6   Next: 24%
Magic:  9/9        EV: 13    Int: 15    God:    Dithmenos [......]
Gold:   173        SH:  0    Dex: 14    Spells: 3/9 levels left

rFire    . . .     SeeInvis .     - Unarmed
rCold    . . .     Gourm    .   (no shield)
rNeg     . . .     Faith    .   (helmet restricted)
rPois    .         Spirit   .   (no amulet)
rElec    .         Reflect  .   (no ring)
rCorr    .         Harm     .   (no ring)
MR       .....                  (no ring)
Stlth    ++........             (no ring)
HPRegen  0.12/turn              (no ring)
MPRegen  0.11/turn              (no ring)
                                (no ring)
                                (no ring)

@: appendage (expiring)
A: almost no armour, stealthy swim, amphibious, 8 rings, constrict 8, tentacle
spike 3, camouflage 1, gelatinous body 1
a: End Transformation, Renounce Religion


You were on level 3 of the Dungeon.
You worshipped Dithmenos.
Dithmenos was noncommittal.
You were hungry.
One of your tentacles had a temporary spike.
You visited 1 branch of the dungeon, and saw 3 of its levels.

You collected 192 gold pieces.
You donated 19 gold pieces to Zin.

Inventory:

Hand Weapons
 e - a +2 falchion of slicing
Missiles
 a - 14 arrows
 i - 92 stones (quivered)
Scrolls
 b - 2 scrolls of amnesia {unknown}
 g - a scroll of noise {unknown}
 h - 2 scrolls of fog
 j - a scroll of immolation {unknown}
 k - a scroll of enchant weapon {unknown}
 n - a scroll of teleportation {unknown}
Potions
 f - a potion of lignification
 l - a potion of ambrosia
 m - a potion of cancellation
 o - a potion of curing
 p - a potion of degeneration
 q - a potion of might
Comestibles
 c - 6 rations


   Skills:
 - Level 1.0 Fighting
 - Level 2.0 Dodging
 * Level 5.1 Unarmed Combat
 - Level 2.0 Spellcasting
 - Level 4.3 Transmutations
 - Level 2.1 Poison Magic


You had 3 spell levels left.
You knew the following spells:

 Your Spells              Type           Power        Failure   Level  Hunger
a - Beastly Appendage     Tmut           ##....       3%          1    #......
b - Sticks to Snakes      Tmut           ##......     6%          2    ###....
c - Spider Form           Tmut/Pois      ##........   19%         3    ###....

Your spell library contained the following spells:

 Spells                   Type           Power        Failure   Level  Hunger
 Ice Form                 Ice/Tmut       #.......     67%         4    #####..
 Blade Hands              Tmut           ##........   71%         5    ######.


Dungeon Overview and Level Annotations

Branches:
Dungeon (3/15)

Altars:
Ashenzari
Cheibriados
Dithmenos
Okawaru
Sif Muna
Zin


Innate Abilities, Weirdness & Mutations

You cannot wear most types of armour.
You are very stealthy in the water. (Stealth+)
You are amphibious.
You can wear up to eight rings at the same time.
You can use your tentacles to constrict eight enemies at once.
Your skin changes colour to match your surroundings (Stealth+).
Your rubbery body absorbs attacks. (AC +1, EV +1)
One of your tentacles bears a large vicious spike.


Message History

The adder is heavily wounded.
You constrict the adder. The adder bites you.
You bludgeon the adder!
You kill the adder!
Your transformation is almost over.
There is a shadowy altar of Dithmenos here.
You curl up in front of the altar of Dithmenos.
Dithmenos welcomes you!
Zin says: You will suffer for embracing such evil!
Unknown command.
Press < or > to pray at altars.
Unknown command.
Press < or > to pray at altars.
Unknown command.
Press < or > to pray at altars.
Quiver which item? (- for none, * to show all) (? for menu, Esc to quit)
Okay, then.
Quiver which item? (- for none, * to show all) (? for menu, Esc to quit)
Okay, then.
Are you sure you want to abandon this character and quit the game? (Confirm with "yes".)

#..... ##.###. #..#
#. #.## ## #####
##.# # #...####
####..## #
#..##..###..##..## #
#.##.#..#|.#.#)..# #
#.#@..#..#..#....#.#
#.###..#..#..#...#.#
#..##...#...##)>....
#...#########....###
#..............).###
##..................
##.................
####.....#.......).<
#................)..


There were no monsters in sight!

Vanquished Creatures
  A crimson imp (D:3)
  An orc wizard (D:3)
  8 gnolls
  3 adders
  An ooze (D:1)
  A worm (D:3)
  2 dart slugs
  3 leopard geckos
  7 orcs
  2 giant cockroaches (D:1)
  13 goblins
  7 hobgoblins
  4 jackals (D:2)
  A quokka (D:3)
  2 ball pythons (D:1)
  13 bats
  6 frilled lizards
  6 kobolds
  10 rats
  A plant (D:3)
92 creatures vanquished.

Vanquished Creatures (collateral kills)
  A gnoll (D:2)
  An adder (D:2)
  An ooze (D:2)
  An orc (D:3)
  A frilled lizard (D:3)
5 creatures vanquished.

Grand Total: 97 creatures vanquished

Notes
Turn   | Place    | Note
-------+----------+-------------------------------------------
     0 | D:1      | piklwikl the Octopode Transmuter began the quest for the
                  | Orb.
     0 | D:1      | Reached XP level 1. HP: 13/13 MP: 3/3
   691 | D:1      | Reached XP level 2. HP: 17/18 MP: 3/5
   888 | D:1      | Reached skill level 4 in Unarmed Combat
   922 | D:1      | Reached XP level 3. HP: 21/23 MP: 4/6
  1224 | D:1      | Learned a level 2 spell: Sticks to Snakes
  1228 | D:1      | Learned a level 3 spell: Spider Form
  2110 | D:2      | Found an iron altar of Okawaru.
  2380 | D:2      | Reached XP level 4. HP: 20/28 MP: 2/7
  2695 | D:2      | Reached skill level 5 in Unarmed Combat
  2699 | D:2      | Found a snail-covered altar of Cheibriados.
  2932 | D:2      | Reached skill level 1 in Poison Magic
  3333 | D:2      | Reached XP level 5. HP: 33/33 MP: 2/8
  4746 | D:3      | Reached XP level 6. HP: 38/38 MP: 4/9
  5098 | D:3      | Found a shattered altar of Ashenzari.
  5198 | D:3      | Found a deep blue altar of Sif Muna.
  5521 | D:3      | Found a faded altar of an unknown god.
  5526 | D:3      | Became a worshipper of Zin the Law-Giver
  5526 | D:3      | Reached * piety under Zin
  5526 | D:3      | Reached ** piety under Zin
  5531 | D:3      | Fell from the grace of Zin
  5568 | D:3      | Found a shadowy altar of Dithmenos.
  5578 | D:3      | Became a worshipper of Dithmenos the Shadowed
  5579 | D:3      | Quit the game

Vault maps used:
D:1:      wander_arrival_desolate
D:2:      okawaru_gym_becter, kennysheep_slug_shrine
D:3:      led_sif_book, old_standard_altar, marbit_many_paths,
          chequers_ecumenical_altar_lobes

Skill      XL: |  1  2  3  4  5 |
---------------+----------------+-----
Unarmed Combat | 4 5 |  5.1
Poison Magic   | 2 |  2.1
Transmutations | 4 |  4.3
Fighting       | |  1.0
Dodging        | |  2.0
Spellcasting   | |  2.0

Action                   |  1- 3 |  4- 6 || total
-------------------------+-------+-------++-------
Melee: Unarmed           |    83 |   139 ||   222
       Kick              |    10 |    24 ||    34
       Constrict         |    19 |    36 ||    55
       Tentacles         |    10 |    27 ||    37
       Punch             |       |     1 ||     1
Throw: Stone             |       |     1 ||     1
 Cast: Beastly Appendage |    25 |    24 ||    49
       Sticks to Snakes  |     8 |    15 ||    23
Invok: Renounce Religion |       |     1 ||     1
  Use: Scroll            |     2 |     6 ||     8
 Stab: Sleeping          |     1 |     1 ||     2
       Distracted        |       |     1 ||     1
  Eat: Chunk             |     3 |     7 ||    10
       Ration            |     1 |     1 ||     2
Armor: Skin              |     9 |     9 ||    18
Dodge: Dodged            |    50 |    87 ||   137

Table legend:
 A = Non-vault XP
 B = Vault XP
 C = Vault XP percentage of total XP
 D = Non-vault monster count
 E = Vault monster count
 F = Vault count percentage of total count
                 A         B        C        D         E       F
            +---------+---------+-------+---------+---------+-------
      Total |     373 |      18 |   4.6 |      94 |       2 |   2.1
            +---------+---------+-------+---------+---------+-------
        D:1 |      49 |       0 |   0.0 |      27 |       0 |   0.0
        D:2 |     150 |       4 |   2.6 |      33 |       1 |   2.9
        D:3 |     174 |      14 |   7.4 |      34 |       1 |   2.9
            +---------+---------+-------+---------+---------+-------
